 Dungeon Crawl Stone Soup version 0.22-a0-322-g60b3cfd (webtiles) character file.

261 xccam the Fighter (level 6, -2/57 HPs)
             Began as a Gnoll Wanderer on Apr 5, 2018.
             Drowned by a drowned soul (3 damage)
             ... summoned by a malarious merfolk avatar
             ... in a sewer.
             The game lasted 00:06:18 (2673 turns).

xccam the Fighter (Gnoll Wanderer)                  Turns: 2673, Time: 00:06:19

Health: -2/57      AC:  7    Str: 14    XL:     6   Next: 18%
Magic:  8/8        EV: 10    Int: 16    God:
Gold:   246        SH:  0    Dex: 15    Spells: 8/8 levels left

rFire    . . .     SeeInvis .   a - +2 hand crossbow
rCold    . . .     Gourm    +   (no shield)
rNeg     . . .     Faith    .   o - +0 scale mail
rPois    .         Spirit   .   (no helmet)
rElec    .         Reflect  .   (no cloak)
rCorr    .         Harm     .   (no gloves)
MR       .....                  (no boots)
Stlth    +.........             h - amulet of the gourmand
HPRegen  0.19/turn              (no ring)
MPRegen  0.11/turn              (no ring)

@: lethally poisoned (-2 -> -3), mesmerised, very slow
A: distributed training, fangs 1, strong nose
a: no special abilities


You were in a sewer.
You were not hungry.

You visited 1 branch of the dungeon, and saw 3 of its levels.
You also visited: Sewer.

You collected 246 gold pieces.

Inventory:

Hand Weapons
 a - a +2 hand crossbow (weapon)
 n - a +2 hand axe of freezing
Missiles
 b - 39 bolts (quivered)
Armour
 d - a +0 ring mail
 o - a +0 scale mail (worn)
Jewellery
 h - an amulet of the gourmand (around neck)
Wands
 p - a wand of paralysis (15)
Scrolls
 c - 3 scrolls of teleportation
 g - a scroll of noise {unknown}
 j - 2 scrolls of amnesia {unknown}
 k - 2 scrolls of identify {unknown}
 q - a scroll of immolation {unknown}
 r - a scroll of enchant armour {unknown}
 t - a scroll of remove curse {unknown}
Potions
 e - 2 potions of curing {unknown}
 i - 2 potions of magic {unknown}
 l - 6 potions of flight
 m - a potion of cancellation {unknown}
 s - a potion of agility {unknown}
Comestibles
 f - 7 rations


   Skills:
 + Level 8.7 Fighting
 + Level 1.8 Short Blades
 + Level 1.8 Long Blades
 + Level 1.8 Axes
 + Level 1.8 Maces & Flails
 + Level 1.8 Polearms
 + Level 1.8 Staves
 + Level 1.8 Slings
 + Level 3.1 Bows
 + Level 3.1 Crossbows
 + Level 3.1 Throwing
 + Level 4.9 Armour
 + Level 1.8 Dodging
 + Level 1.8 Stealth
 + Level 3.1 Shields
 + Level 1.8 Unarmed Combat
 + Level 1.8 Spellcasting
 + Level 1.4 Conjurations
 + Level 1.4 Hexes
 + Level 1.4 Charms
 + Level 1.4 Summonings
 + Level 1.4 Necromancy
 + Level 1.4 Translocations
 + Level 1.4 Transmutations
 + Level 1.4 Fire Magic
 + Level 1.4 Ice Magic
 + Level 1.4 Air Magic
 + Level 1.4 Earth Magic
 + Level 1.4 Poison Magic
 + Level 2.0 Invocations
 + Level 1.8 Evocations


You had 8 spell levels left.
You didn't know any spells.

Dungeon Overview and Level Annotations

Branches:
Dungeon (3/15)

Altars:


Innate Abilities, Weirdness & Mutations

Your experience applies equally to all skills.
You have very sharp teeth.
Your uncanny sense of smell can sniff out nearby items.


Message History

You hear a splash.
The malarious merfolk avatar chants its luring song.
Firing (i - inventory)
b - 41 bolts (quivered)
Press: ? - help, Shift-Dir - straight line, f/p - malarious merfolk avatar
Aim: a malarious merfolk avatar (water, almost dead, mesmerising)
You shoot a bolt.
The bolt closely misses the malarious merfolk avatar.
You feel sick.
The malarious merfolk avatar chants its luring song.
Firing (i - inventory)
b - 40 bolts (quivered)
Press: ? - help, Shift-Dir - straight line, f/p - malarious merfolk avatar
Aim: a malarious merfolk avatar (water, almost dead, mesmerising)
You shoot a bolt.
The bolt barely misses the malarious merfolk avatar.
You hear a splash.
The drowned soul touches you. The drowned soul drowns you.
* * * LOW HITPOINT WARNING * * *
The malarious merfolk avatar chants its luring song.
The drowned soul touches you. The drowned soul drowns you.
You die...

≈≈≈≈≈≈≈ ##.....##
≈≈≈≈≈≈≈≈≈## #.†###..#
≈≈≈≈≈≈≈≈≈≈# ##.## #≈≈###
≈≈≈≈≈≈≈≈≈≈###..# #≈≈...
≈≈≈≈≈≈≈≈≈≈≈≈#††#########
≈≈≈≈≈≈≈W≈≈≈≈≈††≈≈≈≈≈≈≈≈#
≈≈≈≈≈≈≈≈≈≈≈≈#†.########≈
≈≈≈≈≈≈≈≈†≈###..# ##
≈≈≈W≈≈m@†.# #..# ∆
≈≈≈≈≈≈≈≈≈.# #..# ∆∆
≈≈≈≈≈≈≈≈≈.# #### ∆∆
≈≈≈≈≈≈≈≈≈.+ ∆
≈≈≈≈≈≈≈≈≈≈# ≈≈≈≈≈≈≈≈≈≈≈
≈≈≈≈≈≈≈≈≈≈≈≈
≈≈≈≈≈≈≈≈≈≈≈≈≈


You could see a malarious merfolk avatar and 2 drowned souls.

Vanquished Creatures
  A merfolk siren (Sewer)
  10 adders
  3 river rats (Sewer)
  An ooze (D:1)
  2 worms (D:2)
  2 dart slugs (D:1)
  4 leopard geckos
  3 orcs (D:3)
  4 giant cockroaches
  10 hobgoblins
  7 jackals
  10 kobolds
  8 ball pythons
  7 bats
  3 frilled lizards
  8 goblins
  27 rats
110 creatures vanquished.

Notes
Turn   | Place    | Note
-------+----------+-------------------------------------------
     0 | D:1      | xccam the Gnoll Wanderer began the quest for the Orb.
     0 | D:1      | xccam set off with: a +2 hand crossbow, 23 bolts, a scroll of teleportation, a +0 ring mail, a ration
     0 | D:1      | Reached XP level 1. HP: 26/26 MP: 1/1
   227 | D:1      | Reached XP level 2. HP: 29/33 MP: 2/2
   475 | D:1      | Reached XP level 3. HP: 38/38 MP: 3/3
  1107 | D:2      | Reached skill level 1 in Invocations
  1193 | D:2      | Reached skill level 1 in Short Blades
  1193 | D:2      | Reached skill level 1 in Long Blades
  1193 | D:2      | Reached skill level 1 in Axes
  1193 | D:2      | Reached skill level 1 in Maces & Flails
  1193 | D:2      | Reached skill level 1 in Polearms
  1193 | D:2      | Reached skill level 1 in Staves
  1193 | D:2      | Reached skill level 1 in Slings
  1193 | D:2      | Reached skill level 1 in Dodging
  1193 | D:2      | Reached skill level 1 in Stealth
  1193 | D:2      | Reached skill level 1 in Unarmed Combat
  1193 | D:2      | Reached skill level 1 in Spellcasting
  1193 | D:2      | Reached skill level 1 in Evocations
  1262 | D:2      | Reached XP level 4. HP: 44/45 MP: 5/5
  2146 | D:3      | Found a glowing drain.
  2167 | D:3      | Reached skill level 1 in Conjurations
  2167 | D:3      | Reached skill level 1 in Hexes
  2167 | D:3      | Reached skill level 1 in Charms
  2167 | D:3      | Reached skill level 1 in Summonings
  2167 | D:3      | Reached skill level 1 in Necromancy
  2167 | D:3      | Reached skill level 1 in Translocations
  2167 | D:3      | Reached skill level 1 in Transmutations
  2167 | D:3      | Reached skill level 1 in Fire Magic
  2167 | D:3      | Reached skill level 1 in Ice Magic
  2167 | D:3      | Reached skill level 1 in Air Magic
  2167 | D:3      | Reached skill level 1 in Earth Magic
  2167 | D:3      | Reached skill level 1 in Poison Magic
  2201 | D:3      | Reached XP level 5. HP: 34/51 MP: 6/6
  2226 | Sewer    | Entered a sewer
  2546 | Sewer    | Reached XP level 6. HP: 49/57 MP: 8/8
  2673 | Sewer    | HP: 1/57 [drowned by a drowned soul[a malarious merfolk avatar] (2)]
  2673 | Sewer    | Drowned by a drowned soul

Vault maps used:
D:1:      dpeg_arrival_stone_temple_mockup
D:2:      first_ration
D:3:      gup_sewer_entry_glass
Sewer:    sewer_sea

Skill      XL: |  1  2  3  4  5  6 |
---------------+-------------------+-----
Invocations    | 1 2 |  2.0
Short Blades   | 1 |  1.8
Long Blades    | 1 |  1.8
Axes           | 1 |  1.8
Maces & Flails | 1 |  1.8
Polearms       | 1 |  1.8
Staves         | 1 |  1.8
Slings         | 1 |  1.8
Dodging        | 1 |  1.8
Stealth        | 1 |  1.8
Unarmed Combat | 1 |  1.8
Spellcasting   | 1 |  1.8
Evocations     | 1 |  1.8
Conjurations   | 1 |  1.4
Hexes          | 1 |  1.4
Charms         | 1 |  1.4
Summonings     | 1 |  1.4
Necromancy     | 1 |  1.4
Translocations | 1 |  1.4
Transmutations | 1 |  1.4
Fire Magic     | 1 |  1.4
Ice Magic      | 1 |  1.4
Air Magic      | 1 |  1.4
Earth Magic    | 1 |  1.4
Poison Magic   | 1 |  1.4
Bows           | 3 |  3.1
Crossbows      | 3 |  3.1
Throwing       | 3 |  3.1
Shields        | 3 |  3.1
Fighting       | |  8.7
Armour         | |  4.9

Action                   |  1- 3 |  4- 6 || total
-------------------------+-------+-------++-------
Melee: Hand axe          |       |    90 ||    90
       Bite              |       |     5 ||     5
       Punch             |       |     1 ||     1
 Fire: Hand crossbow     |   107 |    69 ||   176
  Eat: Chunk             |     3 |     5 ||     8
Armor: Ring mail         |    25 |     2 ||    27
       Scale mail        |       |    84 ||    84
Dodge: Dodged            |    36 |    86 ||   122

Table legend:
 A = Spawn XP
 B = Non-spawn XP
 C = Spawn XP percentage of total XP
 D = Spawn monster count
 E = Non-spawn monster count
 F = Spawn count percentage of total count
 G = Total turns spent on level
                    A         B        C        D         E        F      G
               +---------+---------+-------+---------+---------+-------+---------
         Total |       0 |     373 |   0.0 |       0 |     110 |   0.0 |  2673
               +---------+---------+-------+---------+---------+-------+---------
           D:1 |       0 |      53 |   0.0 |       0 |      27 |   0.0 |  1083
           D:2 |       0 |      59 |   0.0 |       0 |      25 |   0.0 |   822
           D:3 |       0 |     106 |   0.0 |       0 |      19 |   0.0 |   321
         Sewer |       0 |     155 |   0.0 |       0 |      39 |   0.0 |   447
               +---------+---------+-------+---------+---------+-------+---------
